 Dungeon Crawl Stone Soup version 0.22-a0-605-g9281fa2 (webtiles) character file.

1192 Hebeh the Skirmisher (level 8, -7/70 HPs)
             Began as a Minotaur Fighter on July 8, 2018.
             Shot with an arrow by a centaur (11 damage)
             ... on level 6 of the Dungeon.
             The game lasted 00:20:06 (4872 turns).

Hebeh the Skirmisher (Minotaur Fighter)             Turns: 4872, Time: 00:20:09

Health: -7/70      AC:  8    Str: 24    XL:     8   Next: 20%
Magic:  8/8        EV:  8    Int:  5    God:
Gold:   297        SH: 11    Dex:  9    Spells: 7/7 levels left

rFire    + . .     SeeInvis .   a - +0 war axe
rCold    . . .     Gourm    .   c - +1 shield
rNeg     . . .     Faith    .   j - +0 scale mail
rPois    .         Spirit   .   (helmet restricted)
rElec    .         Reflect  .   (no cloak)
rCorr    .         Harm     .   g - +0 pair of gloves
MR       .....                  (no boots)
Stlth    +.........             (no amulet)
HPRegen  0.21/turn              u - ring of protection from fire
MPRegen  0.11/turn              B - ring of stealth

@: very slow
A: retaliatory headbutt, horns 2
a: no special abilities


You were on level 6 of the Dungeon.
You were not hungry.

You visited 1 branch of the dungeon, and saw 6 of its levels.

You collected 450 gold pieces.
You spent 153 gold pieces at shops.

Inventory:

Hand Weapons
 a - a +0 war axe (weapon)
 b - a +3 hunting sling
 F - a +2 flail of protection
Missiles
 y - 25 sling bullets
Armour
 c - a +1 shield (worn)
 g - a +0 pair of gloves (worn)
 j - a +0 scale mail (worn)
Jewellery
 u - a ring of protection from fire (left hand)
 B - a ring of stealth (right hand)
Wands
 x - a wand of clouds (7)
Scrolls
 i - 3 scrolls of remove curse
 l - a scroll of blinking
 m - 4 scrolls of teleportation
 n - 4 scrolls of identify
 q - a scroll of enchant armour
 s - 2 scrolls of immolation
Potions
 d - 3 potions of might
 e - 4 potions of flight
 h - 5 potions of lignification
 k - a potion of heal wounds {unknown}
 t - a potion of resistance {unknown}
 w - 2 potions of cancellation
 z - a potion of haste {unknown}
 D - a potion of degeneration {unknown}
 E - a potion of curing {unknown}
Comestibles
 f - 9 rations
 o - 8 chunks of flesh


   Skills:
 + Level 6.2 Fighting
 - Level 5.5(6.4) Axes
 * Level 4.9(6.1) Maces & Flails
 + Level 6.1 Armour
 + Level 6.1 Shields
 + Level 2.0 Evocations


You had 7 spell levels left.
You didn't know any spells.
Your spell library was empty.

Dungeon Overview and Level Annotations

Branches:
Dungeon (6/15)
 Temple: D:4-7

Altars:
Fedhas
Hepliaklqana
Makhleb
Xom

Shops:
D:4 %   D:5 *

Annotations:
D:5 2 runed doors, Mamutox's ghost, amateur TrMo


Innate Abilities, Weirdness & Mutations

You reflexively headbutt those who attack you in melee.
You have a pair of horns on your head.


Message History

Your unstable footing causes you to fumble your attack.
You block the centaur's attack.
The electric eel shoots out a bolt of lightning at you!
The bolt of electricity misses you. You block the centaur's attack.
The electric eel shoots out a bolt of lightning at you!
The bolt of electricity hits you!
You are too injured to fight recklessly!
You are too injured to fight recklessly!
You are too injured to fight recklessly!
You are too injured to fight recklessly!
You are too injured to fight recklessly!
You are too injured to fight recklessly!
The centaur wields a shortbow.
The centaur shoots an arrow.
The arrow hits you!
* * * LOW HITPOINT WARNING * * *
You hear a splash.
The electric eel shoots out a bolt of lightning at you!
The bolt of electricity hits you!
* * * LOW HITPOINT WARNING * * *
The centaur shoots an arrow.
The arrow hits you!
You die...

####################
≈≈≈≈≈≈≈≈≈≈≈≈≈≈≈≈≈≈≈#####≈
≈≈≈≈≈≈≈≈≈≈≈≈≈≈≈≈≈≈≈≈≈≈≈≈≈
≈≈≈≈≈≈≈≈≈≈≈≈≈≈≈≈≈≈c≈≈≈≈≈≈
≈.≈≈≈≈..≈≈.≈....@≈;≈.≈≈≈≈
................)........
.........................
...#...####........$.....
#.#.### ##.#############
#...# #..# ##.######.##
##.........# ......######


You could see a centaur and an electric eel.

Vanquished Creatures
  Menkaure (D:4)
  An ice beast (D:5)
  An ogre (D:4)
  A centaur (D:5)
  4 scorpions
  A howler monkey (D:6)
  A jelly (D:5)
  An orc priest (D:3)
  A centaur skeleton (D:5)
  2 hounds
  Natasha (D:2)
  An orc wizard (D:6)
  6 worker ants
  A hound zombie (D:6)
  Robin (D:4)
  3 gnolls (D:6)
  5 adders
  2 oozes
  An adder zombie (D:6)
  A worm (D:2)
  2 dart slugs
  6 leopard geckos
  11 orcs
  7 bats
  6 giant cockroaches
  17 goblins
  6 hobgoblins
  11 jackals
  6 kobolds
  4 quokkas
  2 ball pythons
  5 frilled lizards
  A leopard gecko skeleton (D:5)
  A quokka skeleton (D:4)
  6 rats
127 creatures vanquished.

Vanquished Creatures (others)
  An ogre (D:6)
  A black bear (D:6)
  A howler monkey (D:6)
  An iguana (D:6)
  An orc (D:6)
  A giant cockroach (D:6)
6 creatures vanquished.

Grand Total: 133 creatures vanquished

Notes
Turn   | Place    | Note
-------+----------+-------------------------------------------
     0 | D:1      | Hebeh the Minotaur Fighter began the quest for the Orb.
     0 | D:1      | Reached XP level 1. HP: 19/19 MP: 0/0
    86 | D:1      | Reached XP level 2. HP: 27/27 MP: 1/1
   335 | D:1      | Reached XP level 3. HP: 31/33 MP: 2/2
   708 | D:2      | Found a hazy altar of Hepliaklqana.
   981 | D:2      | Noticed Natasha
   993 | D:2      | Killed Natasha
   993 | D:2      | Reached XP level 4. HP: 36/40 MP: 3/3
  1716 | D:3      | Reached XP level 5. HP: 47/47 MP: 4/4
  2284 | D:4      | Noticed Menkaure
  2476 | D:4      | Noticed Robin
  2494 | D:4      | Killed Robin
  2505 | D:4      | Reached skill level 5 in Axes
  2598 | D:4      | Reached XP level 6. HP: 50/55 MP: 5/5
  2639 | D:4      | Reached skill level 5 in Fighting
  2639 | D:4      | Reached skill level 5 in Armour
  2639 | D:4      | Reached skill level 5 in Shields
  2861 | D:4      | Killed Menkaure
  2861 | D:4      | Reached skill level 1 in Maces & Flails
  2865 | D:4      | Reached XP level 7. HP: 56/61 MP: 6/6
  2880 | D:4      | Found Yjug Fel's Food Boutique.
  3120 | D:4      | Found a burning altar of Makhleb.
  3194 | D:5      | Entered Level 5 of the Dungeon
  3480 | D:5      | Reached skill level 1 in Evocations
  3695 | D:5      | Found Rofaozul's Assorted Antiques.
  3707 | D:5      | Bought a scroll labeled HEMAUSULEPUO for 27 gold pieces
  3707 | D:5      | Bought a scroll labeled NUCOOLE FIAB for 27 gold pieces
  3707 | D:5      | Bought a fizzy blue potion for 24 gold pieces
  3707 | D:5      | Bought a fuming yellow potion for 24 gold pieces
  3707 | D:5      | Bought a scroll labeled BURHATHIAPP for 27 gold pieces
  3707 | D:5      | Bought a fizzy blue potion for 24 gold pieces
  4021 | D:5      | Found a large runed door.
  4022 | D:5      | Found a large runed door.
  4026 | D:5      | Noticed Mamutox's ghost (amateur TrMo)
  4637 | D:6      | Reached XP level 8. HP: 66/70 MP: 8/8
  4639 | D:6      | Found a shimmering altar of Xom.
  4778 | D:6      | Found a blossoming altar of Fedhas.
  4872 | D:6      | Shot with an arrow by a centaur

Vault maps used:
D:1:      mrwooster_arrival_statue
D:2:      lemuel_doored_altar, uniq_natasha
D:3:      corexii_corridor_pit
D:4:      makhleb_heckhound_becter, serial_shops, shop, uniq_menkaure,
          uniq_robin
D:5:      first_ration, serial_shops, shop_fountains,
          ebering_ghost_disaster_area
D:6:      minmay_goblin_kobold_castle, fedhas_altar_2, kennysheep_mini_moat,
          xom_confusion_cloud

Skill      XL: |  1  2  3  4  5  6  7  8 |
---------------+-------------------------+-----
Axes           | 3 4 5 |  5.5
Shields        | 4 5 6 |  6.1
Fighting       | 4 5 6 |  6.2
Armour         | 4 5 6 |  6.1
Maces & Flails | 2 4 |  4.9
Evocations     | 1 2 |  2.0

Action                   |  1- 3 |  4- 6 |  7- 9 || total
-------------------------+-------+-------+-------++-------
Melee: War axe           |    82 |   105 |    17 ||   204
       Headbutt          |    16 |    24 |    20 ||    60
       Flail             |       |     6 |    98 ||   104
 Fire: Hunting sling     |       |       |    25 ||    25
  Use: Scroll            |       |       |    14 ||    14
  Eat: Chunk             |       |     6 |     5 ||    11
       Ration            |       |       |     1 ||     1
Armor: Scale mail        |    38 |    66 |    55 ||   159
Dodge: Dodged            |    27 |    55 |    35 ||   117
Block: Shield            |    40 |    72 |    63 ||   175

Table legend:
 A = Spawn XP
 B = Non-spawn XP
 C = Spawn XP percentage of total XP
 D = Spawn monster count
 E = Non-spawn monster count
 F = Spawn count percentage of total count
 G = Total turns spent on level
                    A         B        C        D         E        F      G
               +---------+---------+-------+---------+---------+-------+---------
         Total |       0 |    1703 |   0.0 |       0 |     128 |   0.0 |  4872
               +---------+---------+-------+---------+---------+-------+---------
           D:1 |       0 |      51 |   0.0 |       0 |      26 |   0.0 |   506
           D:2 |       0 |      75 |   0.0 |       0 |      13 |   0.0 |   608
           D:3 |       0 |     112 |   0.0 |       0 |      24 |   0.0 |  1224
           D:4 |       0 |     549 |   0.0 |       0 |      38 |   0.0 |   856
           D:5 |       0 |     538 |   0.0 |       0 |      13 |   0.0 |  1429
           D:6 |       0 |     378 |   0.0 |       0 |      14 |   0.0 |   249
               +---------+---------+-------+---------+---------+-------+---------
